Cogmind - Beta 14 @@@ ROGUE MODE // 2024.10.15 @ 17:07:11 Player: karotgaemin Result: Self-destructed Performance ------------- Evolutions (1) 500 Regions Visited (2) 400 Robots Destroyed (12) 60 Value Destroyed (232) 232 Prototype IDs (0) 0 Alien Tech Used (0) 0 Bonus (0) 0 TOTAL SCORE: 1192 Bonus ------- None Cogmind --------- Core Integrity 138/400 Matter 241/300 Energy 99/100 System Corruption 0% Temperature Critical (554) Movement Rolling (115) Ox1 Location -9/Materials Parts ------- > --- POWER (1) -------- (None) > --- PROPULSION (2) --- Compact Wheel > --- UTILITY (4) ------ Large Storage Unit Sensor Array Hacking Suite > --- WEAPON (2) ------- Spread Laser Ion Cannon > --- INVENTORY (15) --- Light Ion Engine Light Deuterium Engine Heat Sink EM Pulse Gun Spread Laser Ion Cannon Ion Cannon Ion Cannon Light Assault Rifle Light Assault Rifle Peak State ------------ > --- POWER ------------ Light Deuterium Engine > --- PROPULSION ------- Wheel Compact Wheel > --- UTILITY ---------- Large Storage Unit Sensor Array Hardened Light Armor Plating Hacking Suite > --- WEAPON ----------- Ion Cannon Ion Cannon > --- INVENTORY -------- Ion Engine Light Ion Engine Heat Sink EM Pulse Gun Spread Laser Spread Laser Ion Cannon Ion Cannon Light Assault Rifle Light Assault Rifle [Rating: 19] Favorites ----------- Power Ion Engine Engine Ion Engine Propulsion Compact Wheel Wheel Compact Wheel Utility Hardened Light Armor Plating Device Sensor Array Storage Large Storage Unit Hackware Hacking Suite Protection Hardened Light Armor Plating Weapon Spread Laser Energy Gun Spread Laser Energy Cannon Ion Cannon Ballistic Gun Light Assault Rifle Build | -11 -10 -9 ------- Run | Yrd Mat Mat Slots Evolved 2 | . . 2 Power . | . . . Propulsion . | . . . Utility 2 | . . 2 Weapon . | . . . Parts Attached 18 | 7 5 6 Power 3 | 2 . 1 Engine 3 | 2 . 1 Core . | . . . Reactor . | . . . Propulsion 2 | 2 . . Treads . | . . . Leg . | . . . Wheel 2 | 2 . . Hover . | . . . Flight . | . . . Utility 6 | 1 3 2 Device 1 | . . 1 Storage 3 | 1 2 . Processor . | . . . Hackware 1 | . . 1 Protection 1 | . 1 . Artifact . | . . . Weapon 7 | 2 2 3 Energy Gun 4 | 1 2 1 Energy Cannon 2 | . . 2 Ballistic Gun 1 | 1 . . Ballistic Cannon . | . . . Launcher . | . . . Special Weapon . | . . . Impact Weapon . | . . . Slashing Weapon . | . . . Piercing Weapon . | . . . Special Melee Weapon . | . . . Unidentified Prototypes . | . . . Parts Lost 3 | . . 3 Power 1 | . . 1 Propulsion 1 | . . 1 Utility 1 | . . 1 Weapon . | . . . Highest Loss Streak 3 | . . 3 To Critical Strikes . | . . . Average Slot Usage (%) 98 | . 99 97 Engine 12 | . 14 11 Wheel 24 | . 28 20 Device 4 | . . 11 Storage 12 | . 14 11 Hackware 4 | . . 11 Protection 12 | . 13 10 Energy Gun 21 | . 27 12 Energy Cannon 3 | . . 9 Peak Build Rating 19 | 6 11 19 Average Rating 11 | 4 9 15 On Entrance 5 | . 6 10 Naked Turns . | . . . Heaviest Build 43 | 13 36 43 Greatest Support 26 | 26 26 26 Greatest Overweight (x) 1 | . 1 1 Average Overweight (x) . | . . 1 Largest Inventory Capacity 15 | 8 15 15 Average Capacity 10 | 6 9 15 Most Carried 10 | 3 9 10 Average Carried 5 | 1 5 7 Final Capacity 15 | 8 15 15 Final Carried 10 | 2 7 10 Class Distribution -------------------- 100% | Mutant Dominant Class ---------------- Mutant | -10/Materials Mutant | -9/Materials Resources | -11 -10 -9 ----------- Run | Yrd Mat Mat Matter Collected 350 | 259 51 40 Remotely . | . . . Salvage Created 177 | . 101 76 Parts 19 | . 9 10 Haulers Intercepted . | . . . Recyclers Shooed . | . . . Parts Field Recycled . | . . . Retrieved Matter . | . . . Parts Self-Destructed . | . . . Prevented . | . . . Kills | -11 -10 -9 ------- Run | Yrd Mat Mat Combat Hostiles Destroyed 11 | . 5 6 Guns 11 | . 5 6 Classes Destroyed 4 | . 3 1 Operator 1 | . 1 . Swarmer 8 | . 3 5 Grunt 2 | . 2 . Sentry 1 | . . 1 Best Kill Streak 4 | . 4 3 Combat Bots Only 3 | . 3 3 Max Kills in Single Turn 2 | . 2 1 Gunslinging 1 | . 1 . Exploded . | . . . Melee . | . . . Uniques/NPCs Destroyed . | . . . Combat | -11 -10 -9 -------- Run | Yrd Mat Mat Hostile Shots Fired 93 | . 14 79 Missed 16 | . 3 13 Damage Taken 879 | . 117 762 Core 294 | . 32 262 Absorbed by Shields . | . . . Core Remaining (%) 93 | 100 87 . Volleys Fired 28 | . 9 19 Largest 2 | . 2 2 Hottest 130 | . 130 130 Shots Fired 51 | . 18 33 Gun 40 | . 18 22 Cannon 11 | . . 11 Launcher . | . . . Special . | . . . Kinetic . | . . . Thermal 51 | . 18 33 Explosive . | . . . Electromagnetic . | . . . Robot Hit Streak 9 | . 9 8 Robot Miss Streak 7 | . 6 7 Penetration Max . | . . . Secondary Targets 2 | . 2 . Max Gunslinging Chain 1 | . 1 . Shots Hit Robots 38 | . 15 23 Core Hits 43 | . 22 21 Critical Kills . | . . . Critical Parts Destroyed . | . . . Critical Strikes . | . . . Melee Attacks . | . . . Impact . | . . . Slashing . | . . . Piercing . | . . . Sneak Attacks . | . . . Combat Hostiles . | . . . Follow-up Attacks . | . . . Damage Inflicted 545 | . 211 334 Guns 429 | . 211 218 Cannons 116 | . . 116 Explosions . | . . . Melee . | . . . Ramming . | . . . Kinetic . | . . . Thermal 545 | . 211 334 Explosive . | . . . Electromagnetic . | . . . Impact . | . . . Slashing . | . . . Piercing . | . . . Highest Corruption . | . . . Average Corruption . | . . . Corruption Purged . | . . . Corruption Blocked . | . . . Overload Shots . | . . . Overflow Damage 7 | . . 7 Projectiles 7 | . . 7 Explosions . | . . . Melee . | . . . Knockbacks . | . . . Impact . | . . . Kinetic . | . . . Secondary . | . . . Self-Inflicted Damage . | . . . Shots . | . . . Rammed . | . . . Targets Rammed . | . . . Kicked . | . . . Crushed . | . . . Highest Temperature 554 | . 420 554 Average Temperature 216 | . 202 229 Received Heat Transfer 141 | . 33 108 Effects 8 | . . 8 Shutdowns 2 | . . 2 Energy Bleed 1 | . . 1 Matter Decay 1 | . . 1 Short Circuit 2 | . . 2 Damage (core) 2 | . . 2 Siege Activations . | . . . Robots Corrupted . | . . . Combat Hostiles . | . . . Parts Fried . | . . . Impact Corruptions . | . . . Robots Melted . | . . . Combat Hostiles . | . . . Parts Melted 1 | . . 1 Heat Transferred 720 | . 255 465 Parts Sabotaged . | . . . Parts Stolen . | . . . Parts Stripped . | . . . Power Chain Reactions . | . . . Alert | -11 -10 -9 ------- Run | Yrd Mat Mat Peak Influence 305 | . 155 305 Initial 65 | . . 65 Average 98 | . 63 200 Maximum Alert Level 1 | . . 1 Low Security (%) 80 | 100 100 42 Level 1 19 | . . 57 Level 2 . | . . . Level 3 . | . . . Level 4 . | . . . Level 5 . | . . . High Security . | . . . Max Security . | . . . Squads Dispatched . | . . . Investigation . | . . . Extermination . | . . . Reinforcement . | . . . Assault . | . . . Garrison . | . . . Intercept . | . . . Searches Triggered . | . . . Construction Impeded . | . . . Haulers Reinforced . | . . . Active Scanning Responses . | . . . Cargo Convoy Interrupts . | . . . Stealth | -11 -10 -9 --------- Run | Yrd Mat Mat Distress Signals 1 | . 1 . Communications Jammed . | . . . Distress Signals . | . . . Times Spotted 16 | . 7 9 Peak Tracking Total 4 | . 3 4 Tactical Retreats 2 | . . 2 Traps | -11 -10 -9 ------- Run | Yrd Mat Mat Traps Triggered . | . . . Indirectly . | . . . Trap Hack Attempts . | . . . Triggered . | . . . Disarmed . | . . . Reprogrammed . | . . . Reused . | . . . Traps Extracted . | . . . Installed . | . . . Triggered . | . . . Machines | -11 -10 -9 ---------- Run | Yrd Mat Mat Machines Disabled 1 | . . 1 Max in Single Turn 1 | . . 1 Machines Repaired . | . . . Machines Dismantled . | . . . Machines Sabotaged . | . . . Overloaded Fab Kills . | . . . Hacking | -11 -10 -9 --------- Run | Yrd Mat Mat Machines Accessed 2 | . 1 1 Terminals 2 | . 1 1 Fabricators . | . . . Repair Stations . | . . . Recycling Units . | . . . Scanalyzers . | . . . Garrison Access . | . . . Total Hacks 3 | . 2 1 Successful 1 | . . 1 Failed 2 | . 2 . Catastrophic . | . . . Database Lockouts . | . . . Manual . | . . . Terminals 3 | . 2 1 Fabricators . | . . . Repair Stations . | . . . Recycling Units . | . . . Scanalyzers . | . . . Garrison Access . | . . . Terminal Hacks 1 | . . 1 Dispatch Records 1 | . . 1 Fabricator Hacks . | . . . Repair Station Hacks . | . . . Recycling Unit Hacks . | . . . Scanalyzer . | . . . Garrison Access Hacks . | . . . Unauthorized Hacks . | . . . Terminals . | . . . Fabricators . | . . . Repair Stations . | . . . Recycling Units . | . . . Scanalyzers . | . . . Garrison Access . | . . . Data Cores Recovered 1 | . 1 . Used . | . . . Hacking Detections 2 | . 1 1 Full Trace Events . | . . . Feedback Events . | . . . Feedback Blocked . | . . . Robot Schematics Acquired . | . . . Robots Built . | . . . Authchips . | . . . Time . | . . . Total Robot Build Rating . | . . . Part Schematics Acquired . | . . . Parts Built . | . . . Authchips . | . . . Time . | . . . Total Part Build Rating . | . . . Parts Repaired . | . . . Time . | . . . Parts Recycled . | . . . Recycled Matter . | . . . Retrieved Matter . | . . . Retrieved Components . | . . . Parts Scanalyzed . | . . . Part Schematics Acquired . | . . . Parts Damaged . | . . . Bothacking | -11 -10 -9 ------------ Run | Yrd Mat Mat Used RIF Installer . | . . . Robots Hacked . | . . . Non-combat . | . . . Combat . | . . . Robot Hacks Applied . | . . . Relay Couplers Released . | . . . Fabnet Peak Effective % . | . . . Robots Rewired . | . . . Allies Hacked . | . . . Hacks Repelled . | . . . Allies | -11 -10 -9 -------- Run | Yrd Mat Mat Total Allies . | . . . Largest Group . | . . . Highest-Rated Group . | . . . Highest-Rated Ally . | . . . Total Orders . | . . . Ally Attacks . | . . . Total Damage . | . . . Kills . | . . . Allies Corrupted . | . . . Allies Melted . | . . . Intel | -11 -10 -9 ------- Run | Yrd Mat Mat Robot Analysis Total . | . . . Derelict Logs Recovered . | . . . Drone Launches . | . . . Drone Recoveries . | . . . Exploration | -11 -10 -9 ------------- Run | Yrd Mat Mat Turns Passed 511 | 79 263 169 Spaces Moved 383 | 74 231 78 Core 8 | 8 . . Treads . | . . . Legs . | . . . Wheels 375 | 66 231 78 Hover . | . . . Flight . | . . . Fastest Speed 50 | 50 90 105 Average Speed 93 | 85 91 105 Slowest Speed 105 | 90 105 105 Overloaded Moves . | . . . Propulsion Burnouts . | . . . Robots Hopped . | . . . Cave-ins Triggered . | . . . Exploration Rate (%) 20 | 5 49 8 Regions Visited 2 Branch Regions . Pre-discovered Areas . | . . . Known Exits Taken . | . . . Unknown Exits Taken 2 | 1 1 . Scrap Searched . | . . . Spaces Dug . | . . . Terrain Destroyed 1 | . . 1 Melee . | . . . Projectile 1 | . . 1 AOE . | . . . Terrain Rammed . | . . . Walls Destroyed . | . . . Machines Disabled . | . . . Actions | -11 -10 -9 --------- Run | Yrd Mat Mat Total 482 | 88 264 130 Wait 30 | . 10 20 Move 381 | 73 230 78 Hop . | . . . Pick Up 22 | 8 8 6 Fast Attach . | . . . Attach 9 | 6 1 2 Detach . | . . . Swap 9 | 1 4 4 Drop 3 | . 2 1 Fire 28 | . 9 19 Melee . | . . . Ram . | . . . Kick . | . . . Crush . | . . . Escape Stasis . | . . . Rewire . | . . . Trap . | . . . Miscellaneous . | . . . Route ------- -11/Scrapyard -10/Materials (discovered 2 exits: *Mat x2) -9/Materials History --------- Turn | Location | Event 14 | -11/Scrapyard | Discovered new exit (range 15) 80 | -11/Scrapyard | Entered Materials 114 | -10/Materials | Discovered new exit (range 14) 316 | -10/Materials | Build established: Mutant 327 | -10/Materials | Discovered new exit (range 11) 343 | -10/Materials | Entered another Materials area 343 | -9/Materials | Evolved 2 slots: Utility x2 507 | -9/Materials | Core integrity fell below 50% 512 | -9/Materials | Self-destructed Last Messages --------------- 00488_ Wheel destroyed. 00491_ U-05 Engineer builds a Door. 00493_ Flight Unit melted. 00493_ S-10 Pest destroyed. 00495_ U-05 Engineer builds a Door. 00499_ Destroyed Lgt. Ion Engine. 00501_ Ion Cannon broken. 00501_ Overheating: Short circuit. 00501_ Hrd. Light Armor Plating destroyed. 00501_ U-05 Engineer builds a Wall. 00502_ Power failure, Lgt. Deuterium Engine shutdown. 00502_ Overheating: Matter decay (-44). 00504_ S-10 Pest destroyed. 00507_ Overheating: Core damaged (-76). 00509_ Overheating: Core damaged (-56). 00511_ Overheating: Energy bleed (-10). 00511_ Lgt. Deuterium Engine destroyed. 00512_ Spread Laser broken. 00512_ Overheating: Short circuit. Map ----- +----------------------------------------------------+ | ???????????????????????????????????????????# #?? | | ???????????????????????????????????????????# ##? | | ???????????????????????????????????????????# T#? | | ??????????????????????????????###+########## ##? | | ????????????????????????????? #?? | | ????????????????????????????? #?? | | ????????????????????????????? #?? | | ???????????????????????????????##+########## #?? | | ?????????????????????????????????????# # #?? | | ?????????????????????????????????????# [#[ #?? | | ?????????????????????????????????????# =/ ! #?? | | ?????????????????????????????????????# *#% #?? | | ??????????????????? ?????????????????# """ # #?? | | ??????????????????? ????????????????# """ # #?? | | ???????????????????? ????????????????# """ # #?? | | ???????????????????? ???????############### #?? | | ?????????????????#??? ???????# ## #?? | | ?????????????????+ ?? ??????# " """"" ## #?? | | ?????????????????# ?? ??????# """"""""" ## #?? | | ?????????????????? ? #?????# """ """ ## #?? | | ?????????????????###+######??# ## ##? | | ?????????????????# [ #??########+##### #? | | ?????????????????# s% #????????# #? | | ?????????????????? ""Y*%########## #? | | ??????????????????? """" =+ ? [ = #? | | ??????????????????? """""@######### ## #? | | ??????????????????? """"" #???????# ##### ##? | | ??????????????????? """ #???????#!! * #???? #?? | | ???????????????????? #???????#!! **#???? #?? | | ??????????????????? #???????########???? #?? | | ???????????????????########??????????????????? #?? | | ?????????????????????????????????????????????? #?? | | ?????????????????????????????????????????????? #?? | | ???????????????????????????????????????????????#?? | | ?????????????????????????????????????????????????? | | ?????????????????????????????????????????????????? | | ?????????????????????????????????????????????????? | | ?????????????????????????????????????????????????? | | ?????????????????????????????????????????????????? | | ?????????????????????????????????????????????????? | | ?????????????????????????????????????????????????? | | ?????????????????????????????????????????????????? | | ?????????????????????????????????????????????????? | | ?????????????????????????????????????????????????? | | ?????????????????????????????????????????????????? | | ?????????????????????????????????????????????????? | | ?????????????????????????????????????????????????? | | ?????????????????????????????????????????????????? | | ?????????????????????????????????????????????????? | | ?????????????????????????????????????????????????? | +----------------------------------------------------+ Best States ------------- Heat Dissipation 28 Energy Generation 14 Energy Capacity 250 Matter Stores 300 Matter Capacity 300 Sight Range 16 Robot Scan Range 14 Terrain Scan Density 10 Armor Coverage 150 Evasion (%) 42 Offensive Hacking 10 Item Schematics ----------------- None Robot Schematics ------------------ None Fabricated ------------ Nothing Alien Tech Used ----------------- None Achievements -------------- None Challenges ------------ None Game ------ Seed NeutronTechScrapsphere Manual? 0 Play Time 00:06:31 Cumulative 17.5 hours Start 2024.10.15 @ 17:01:59 End 2024.10.15 @ 17:07:11 Sessions 1 Manual Loads 0 Difficulty Rogue Special Mode None Game No. 53 Rogue 53 Adventurer 0 Explorer 0 Win Type - Total 0 Types 0/0/0/0/0/0/0/0/0 Lore% 6 Gallery% 24 Achievement% 20 Wizard Run 0 Options --------- Layout 1 ASCII 0 Keyboard 0 Movement Mouse Keybinds 0 Fullscreen 2 Font 24/Smallcaps Map View 50x35 Zoom Use 0% Tactical HUD 1 Map Filters NONE Filters NONE Steam 1 RUN: 555b62c8-1ac5-4d1a-a8a3-a63d7fc08165